 Dungeon Crawl Stone Soup version 0.27.0-1-g7a089689b8 (webtiles) character file.

Game seed: 6999301419005833497

63235 agentchuck the Cleaver (level 15, -2/108 HPs)
             Began as an Octopode Arcane Marksman on Aug 11, 2021.
             Was the Champion of Fedhas.
             Slain by a manticore (10 damage)
             ... on level 11 of the Dungeon.
             The game lasted 02:13:34 (38405 turns).

agentchuck the Cleaver (Octopode Arcane Marksman)  Turns: 38405, Time: 02:13:35

Health: -2/108     AC:  1    Str:  9    XL:     15   Next: 9%
Magic:  19/23      EV: 22    Int: 18    God:    Fedhas [******]
Gold:   462        SH:  7    Dex: 23    Spells: 10/25 levels left

rFire    + . .     SeeInvis +   w - +5 broad axe (freeze)
rCold    + . .     Faith    .   d - +0 buckler
rNeg     . . .     Spirit   .   (helmet restricted)
rPois    +         Reflect  .   g - amulet of regeneration
rElec    .         Harm     .   P - ring of poison resistance
rCorr    +         Rampage  .   N - ring of willpower
Will     ++...                  C - ring of protection from cold
Stlth    +++++.....             R - ring of resist corrosion
HPRegen  1.28/turn              v - ring of see invisible
MPRegen  0.18/turn              X - +6 ring of dexterity
                                F - ring of protection from fire
                                L - ring of flight

@: flying, very slightly contaminated, invisible
A: almost no armour, amphibious, 8 rings, camouflage 1, gelatinous body 1,
(nimble swimmer 1), tentacles
a: Renounce Religion, Wall of Briars, Grow Ballistomycete, Overgrow, Grow Oklob


You were on level 11 of the Dungeon.
You worshipped Fedhas.
Fedhas was exalted by your worship.
You visited 3 branches of the dungeon, and saw 18 of its levels.
You visited the Abyss 1 time.

You collected 1270 gold pieces.
You spent 808 gold pieces at shops.


Innate Abilities, Weirdness & Mutations

You cannot wear most types of armour.
You are amphibious.
You can wear up to eight rings at the same time.
Your skin changes colour to match your surroundings (Stealth+).
Your rubbery body absorbs attacks. (AC +1, EV +1)
((You are camouflaged near water. (Stealth+)))
You have tentacles for arms and can constrict up to eight enemies at once.


   Skills:
 - Level 12.0 Fighting
 - Level 0.8 Short Blades
 - Level 12.4 Axes
 - Level 6.4 Throwing
 + Level 10.8 Dodging
 + Level 7.4 Stealth
 - Level 6.5 Shields
 - Level 5.6 Spellcasting
 + Level 4.1 Conjurations
 + Level 8.4 Hexes
 - Level 6.0 Invocations
 - Level 5.7 Evocations


You had 10 spell levels left.
You knew the following spells:

 Your Spells              Type           Power      Damage    Failure   Level
c - Cause Fear            Hex            17%        N/A       3%          4
f - Fulminant Prism       Conj/Hex       13%        3d9       10%         4
s - Slow                  Hex            35%        N/A       1%          2
z - Corona                Hex            38%        N/A       1%          1
X - Hailstorm             Conj/Ice       12%        3d5       47%         4

Your spell library contained the following spells:

 Spells                   Type           Power      Damage    Failure   Level
 Magic Dart               Conj           76%        1d6       2%          1
 Searing Ray              Conj           38%        3d4       3%          2
 Inner Flame              Hex/Fire       20%        N/A       7%          3
 Portal Projectile        Hex/Tloc       40%        N/A       7%          3
 Apportation              Tloc           10%        N/A       13%         1
 Sublimation of Blood     Necr           2%         N/A       19%         2
 Wereblood                Tmut           5%         N/A       19%         2
 Ozocubu's Armour         Ice            5%         N/A       36%         3
 Metabolic Englaciation   Hex/Ice        10%        N/A       52%         5
 Invisibility             Hex            17%        N/A       52%         6
 Ice Form                 Ice/Tmut       5%         N/A       77%         4
 Alistair's Intoxication  Tmut/Pois      3%         N/A       98%         5
 Simulacrum               Ice/Necr       2%         N/A       100%        6
 Summon Hydra             Summ           2%         N/A       100%        7

Inventory:

Hand Weapons
 w - a +5 broad axe of freezing (weapon)
 U - the +8 falchion of the Middle {freeze, rElec rC- Will+++ Str-4}
   (You took it off a kobold brigand on level 10 of the Dungeon)

   It freezes those it strikes, dealing additional cold damage.
   It can also slow down cold-blooded creatures.
   Str:       It affects your strength (-4).
   rC:        It makes you vulnerable to cold.
   rElec:     It insulates you from electricity.
   Will:      It greatly increases your willpower.
Missiles
 u - 4 curare-tipped darts {=f}
 O - 2 boomerangs (quivered)
 Q - 69 poisoned darts
 S - 3 boomerangs of dispersal {=f}
Armour
 d - a +0 buckler (worn)
 A - a +0 kite shield
Magical Staves
 s - a staff of air
 E - a staff of conjuration {!a}
Jewellery
 g - an amulet of regeneration (around mantle)
 t - an amulet of the acrobat
 v - a ring of see invisible (on tentacle)
 C - a ring of protection from cold (on tentacle)
 F - a ring of protection from fire (on tentacle)
 L - a ring of flight (on tentacle)
 N - a ring of willpower (right tentacle)
 P - a ring of poison resistance (left tentacle)
 R - a ring of resist corrosion (on tentacle)
 X - a +6 ring of dexterity (on tentacle)
Wands
 a - a wand of iceblast (8)
 o - a wand of mindburst (5)
 p - a wand of polymorph (14)
 B - a wand of digging (6)
 D - a wand of flame (36)
 G - a wand of charming (7)
 J - a wand of paralysis (5)
 M - a wand of acid (6)
Scrolls
 b - a scroll of identify {@r1}
 j - 7 scrolls of amnesia
 m - 4 scrolls of magic mapping
 r - 2 scrolls of blinking
 x - 3 scrolls of fog
 K - 2 scrolls of teleportation {@r4}
 Z - a scroll of fear
Potions
 h - a potion of attraction {unknown}
 i - a potion of magic {unknown}
 n - a potion of brilliance {unknown}
 q - 2 potions of lignification {!q}
 z - 4 potions of cancellation
 I - a potion of mutation {!q}
 T - 2 potions of berserk rage {!q}
 V - 2 potions of might
 W - 5 potions of flight
 Y - a potion of degeneration {unknown}
Miscellaneous
 e - a phial of floods
 l - a box of beasts

Dungeon Overview and Level Annotations

Branches:
Dungeon (11/15)            Temple (1/1) D:4            Lair (6/6) D:9
  Snake (0/4) Lair:4        Slime (0/5) Lair:6          Orc (0/2) D:10
  Swamp: Lair:2-4    Shoals: Lair:2-4

Altars:
Ashenzari
Cheibriados
Dithmenos
Elyvilon
Fedhas
Hepliaklqana
Kikubaaqudgha
Makhleb
Okawaru
Qazlal
Ru
Vehumet
Wu Jian
Xom
Yredelemnul
Zin
The Shining One
Beogh

Shops:
D:4 (   D:5 [   D:9 =

Annotations:
D:8 Gastronok
Lair:1 exclusion: hydra
Lair:4 1 exclusion

...#▒($$$)!H$!▒#'##
....▒#'#'#'#+#▒▒.▒
...#▒#.#...# ▒#.##
....▒# 8...8 ▒8.8#
...#▒ ... ▒#.##
....▒ (. ▒.▒ ...#▒
... ▒#.## ....▒
.... ▒8P8# ...#▒
...D.▒▒@## ....▒
(.....Hc▒ ...#▒
.....▒▒.## ....▒
.... ▒8.8# ...#▒
... ▒#.## ....▒ ..
▒.▒ ...#▒ . ▒#.##
....▒ ▒8[8# #..#▒
▒#)##


You could see a yaktaur captain (slow, ally target) and a manticore.


Message History

The manticore claws you.
* * * LOW HITPOINT WARNING * * *
You are very lightly contaminated with residual magic.
You completely miss the yaktaur captain.
You hit the manticore. You freeze the manticore. The manticore bites you!
* * * LOW HITPOINT WARNING * * *
You block the manticore's attack. x2
You closely miss the manticore.
The manticore is lightly wounded.
The manticore barely misses you. The manticore claws you.
* * * LOW HITPOINT WARNING * * *
The manticore claws you!
* * * LOW HITPOINT WARNING * * *
You strike the helpless yaktaur captain from behind!
You slash the yaktaur captain! You freeze the yaktaur captain.
You squeeze the yaktaur captain!
The yaktaur captain is moderately wounded.
You catch the helpless manticore completely off-guard!
You hit the manticore. You freeze the manticore.
The manticore completely misses you. The manticore misses you.
The manticore barely misses you.
You feel better. The yaktaur captain misses you.
You block the manticore's attack. The manticore barely misses you.
The manticore completely misses you.
Use which ability? (? or * to list)
A briar patch grows up from the ground.
The yaktaur captain hits you!
* * * LOW HITPOINT WARNING * * *
The manticore bites you!
You die...
Fedhas appreciates your contribution to the ecosystem.

Skill      XL: |  1  2  3  4  5  6  7  8  9 10 11 12 13 14 15 |
---------------+----------------------------------------------+-----
Stealth        | 1 2 3 4 7 |  7.4
Fighting       | 2 3 4 5 6 7 8 9 10 11 12 | 12.0
Axes           | 1 2 3 4 5 7 9 10 11 12 | 12.4
Shields        | 1 2 3 4 5 6 |  6.5
Spellcasting   | 2 3 4 5 |  5.6
Throwing       | 3 5 6 |  6.4
Invocations    | 1 3 6 |  6.0
Evocations     | 2 3 5 |  5.7
Dodging        | 3 5 7 8 9 10 | 10.8
Hexes          | 5 6 7 8 |  8.4
Conjurations   | 3 4 |  4.1
Short Blades   | |  0.8

Action                   |  1- 3 |  4- 6 |  7- 9 | 10-12 | 13-15 || total
-------------------------+-------+-------+-------+-------+-------++-------
Melee: Unarmed           |    17 |       |       |       |       ||    17
       Constrict         |    13 |    25 |    50 |    83 |    49 ||   220
       Tentacles         |    10 |    19 |    54 |    97 |   119 ||   299
       Short sword       |    25 |       |     3 |     6 |       ||    34
       Rapier            |     9 |    69 |       |       |       ||    78
       Broad axe         |     8 |       |       |   374 |   532 ||   914
       War axe           |       |    19 |   247 |   106 |       ||   372
Throw: Javelin           |    12 |     8 |    13 |    12 |    11 ||    56
       Dart              |    25 |    37 |    20 |   108 |   228 ||   418
       Stone             |       |       |    39 |       |       ||    39
       Boomerang         |       |       |    78 |   133 |   104 ||   315
       Throwing net      |       |       |     2 |     3 |     1 ||     6
 Cast: Slow              |       |     4 |    35 |    51 |   136 ||   226
       Corona            |       |       |     2 |     5 |       ||     7
       Cause Fear        |       |       |       |     7 |    24 ||    31
       Fulminant Prism   |       |       |       |       |     7 ||     7
Invok: Wall of Briars    |       |       |     3 |     6 |    10 ||    19
       Grow Ballistomyce |       |       |       |       |     2 ||     2
Evoke: Wand              |       |       |     1 |    21 |    26 ||    48
  Use: Scroll            |       |     7 |    10 |    10 |     9 ||    36
       Potion            |       |       |     4 |     4 |    11 ||    19
 Stab: Sleeping          |     8 |     1 |     3 |     7 |     9 ||    28
       Held in net/web   |       |       |     1 |       |       ||     1
       Distracted        |       |       |       |     1 |       ||     1
       Invisible         |       |       |       |       |     6 ||     6
Armor: Skin              |       |     1 |     9 |    15 |    18 ||    43
Dodge: Dodged            |    18 |    50 |   183 |   375 |   483 ||  1109
Block: Buckler           |     7 |    18 |    74 |   121 |   162 ||   382

Levels and vault maps discovered:
D:1:      ebering_trefoil_twist, layout_basic, hellmonk_ecumenical_altar_run_dry
D:2:      layout_rooms
D:3:      cheibrodos_old_hovel, layout_rooms, uniq_sigmund
D:4:      layout_rooms, elyvilon_altar_4, amcnicky_altar_gilded,
          minmay_temple_entry_tees, serial_shops, shop
D:5:      layout_basic, overflow_temple_1_default, serial_shops,
          kennysheep_mini_moat, guppyfry_early_orc_mine
D:6:      layout_basic, lemuel_tele_altar, feat_on_display
D:7:      layout_cave_pools, minivault_1
D:8:      cheibrodos_helix_gallery, layout_basic, uniq_gastronok
D:9:      layout_irregular_city, due_lair_maze_entry_diamond, serial_shops,
          nicolae_shop_competitors_out_of_business,
          nicolae_straight_to_the_point
D:10:     layout_gridville, minmay_orc_entry_temple_small, special_room
          [special_room_kobold]
D:11:     wad_statue_garden, layout_loops_cross, serial_shops,
          kennysheep_little_box, nicolae_sextant, grunt_ministairs_4
Temple:   dpeg_five_rooms_temple
Lair:1:   layout_misc_corridors, wad_woods_road_03, kennysheep_abandoned_house
Lair:2:   layout_roguey, basic_altar, beast_lair_carwin_6, grunt_megastairs_2
Lair:3:   layout_cave_shapes, serial_bayou_shore_a, lemuel_fruit_tree,
          grunt_megastairs_3, serial_bayou_shore_b
Lair:4:   layout_hall_layers, nicolae_swamp_entry_splash_gauntlet,
          minmay_snake_entry_spellcaster, beast_lair_carwin_7, uniq_snorg,
          uniq_sonja
Lair:5:   layout_gridlike
Lair:6:   evil_forest, layout_cave_pods, minmay_slime_entry_oklob_open

Notes
Turn   | Place    | Note
-------+----------+-------------------------------------------
     0 | D:1      | agentchuck the Octopode Arcane Marksman began the quest for
                  | the Orb.
     0 | D:1      | Reached XP level 1. HP: 13/13 MP: 2/2
   248 | D:1      | Found a faded altar of an unknown god.
   453 | D:1      | Reached XP level 2. HP: 18/18 MP: 3/3
   614 | D:1      | Reached skill level 1 in Stealth
  1355 | D:2      | Reached XP level 3. HP: 24/24 MP: 4/4
  1358 | D:2      | Learned a level 2 spell: Slow
  1608 | D:2      | Reached skill level 2 in Fighting
  2108 | D:3      | Reached skill level 1 in Axes
  2108 | D:3      | Reached skill level 2 in Stealth
  2115 | D:3      | Reached XP level 4. HP: 25/29 MP: 5/5
  2568 | D:3      | Noticed Sigmund
  2729 | D:4      | Found Qusoit's Weapon Shoppe.
  2737 | D:4      | Found a staircase to the Ecumenical Temple.
  2857 | Temple   | Entered the Ecumenical Temple
  3001 | Temple   | Became a worshipper of Fedhas Madash
  3203 | D:4      | Found a white marble altar of Elyvilon.
  3246 | D:4      | Reached skill level 1 in Shields
  3246 | D:4      | Reached XP level 5. HP: 34/36 MP: 1/6
  3319 | D:4      | Found a snail-covered altar of Cheibriados.
  3531 | D:5      | Entered Level 5 of the Dungeon
  3589 | D:5      | Reached skill level 3 in Fighting
  3594 | D:5      | Reached skill level 2 in Axes
  3780 | D:5      | Noticed an orc warrior
  4052 | D:5      | Noticed a water moccasin
  4075 | D:5      | Found an iron altar of Okawaru.
  4183 | D:5      | Reached skill level 3 in Stealth
  4183 | D:5      | Reached XP level 6. HP: 42/42 MP: 7/7
  4309 | D:5      | Identified a scarf of resistance
  4386 | D:5      | Killed a water moccasin
  4410 | D:5      | Killed an orc warrior
  4411 | D:5      | Reached skill level 2 in Shields
  4433 | D:5      | Reached * piety under Fedhas
  4526 | D:5      | Reached skill level 4 in Fighting
  4704 | D:5      | Found Harghiat's Armour Shoppe.
  4720 | D:5      | Reached skill level 3 in Axes
  5150 | D:6      | Reached skill level 4 in Stealth
  5150 | D:6      | Reached XP level 7. HP: 35/48 MP: 4/8
  5558 | D:6      | Found a stormy altar of Qazlal.
  6908 | D:6      | Reached skill level 5 in Fighting
  6908 | D:6      | Reached skill level 4 in Axes
  6908 | D:6      | Reached skill level 3 in Shields
  6979 | D:6      | Reached skill level 2 in Spellcasting
  6979 | D:6      | Reached XP level 8. HP: 47/55 MP: 9/11
  8589 | D:6      | Reached skill level 3 in Throwing
  8699 | D:7      | Reached ** piety under Fedhas
  8801 | D:7      | Reached skill level 6 in Fighting
  9157 | D:7      | Reached skill level 5 in Axes
  9157 | D:7      | Reached skill level 4 in Shields
  9157 | D:7      | Reached skill level 3 in Spellcasting
  9719 | D:8      | Noticed Gastronok
  9739 | D:8      | Reached XP level 9. HP: 61/63 MP: 13/13
  9938 | D:8      | HP: 3/63 [steam dragon (5)]
  9940 | D:8      | Reached skill level 1 in Invocations
 10958 | D:9      | Noticed a troll
 11252 | D:9      | Found Hulam's Jewellery Emporium.
 11277 | D:9      | Reached skill level 1 in Evocations
 11310 | D:9      | Reached skill level 7 in Fighting
 11357 | D:9      | Bought a ring of see invisible for 165 gold pieces
 11487 | D:9      | Reached skill level 6 in Axes
 11487 | D:9      | Reached skill level 3 in Dodging
 11583 | D:9      | Found a staircase to the Lair.
 11602 | D:9      | Reached skill level 2 in Evocations
 11607 | D:9      | Reached *** piety under Fedhas
 12034 | D:9      | Noticed a komodo dragon
 12707 | D:8      | Reached skill level 7 in Axes
 12837 | D:8      | Reached XP level 10. HP: 60/70 MP: 12/14
 12964 | D:8      | Reached skill level 4 in Dodging
 13176 | D:9      | Reached skill level 4 in Hexes
 13209 | D:9      | HP: 7/72 [poisoned by a water moccasin]
 13573 | D:9      | Reached skill level 8 in Fighting
 14024 | Lair:1   | Entered Level 1 of the Lair of Beasts
 14043 | D:9      | Reached skill level 8 in Axes
 14554 | D:9      | Reached skill level 5 in Dodging
 14826 | D:9      | Reached skill level 5 in Hexes
 15065 | Lair:1   | Noticed a cane toad
 15210 | Lair:1   | Reached **** piety under Fedhas
 15230 | Lair:1   | Noticed a black mamba
 15236 | Lair:1   | Killed a black mamba
 15237 | Lair:1   | Reached skill level 9 in Axes
 15254 | Lair:1   | Noticed a cane toad
 15524 | Lair:1   | Killed a cane toad
 15525 | Lair:1   | Reached XP level 11. HP: 66/78 MP: 9/15
 15713 | Lair:1   | Noticed a five-headed hydra
 16054 | Lair:1   | Reached skill level 6 in Dodging
 16606 | D:3      | Killed Sigmund
 16965 | D:10     | Entered Level 10 of the Dungeon
 17128 | D:10     | Found a staircase to the Orcish Mines.
 17192 | D:10     | Reached skill level 9 in Fighting
 17288 | D:10     | Reached skill level 4 in Throwing
 17504 | D:10     | Identified the +8 falchion of the Middle {freeze, rElec rC-
                  | Will+++ Str-4}
 17507 | D:10     | Reached ***** piety under Fedhas
 17945 | D:10     | Learned a level 4 spell: Cause Fear
 18815 | D:10     | Reached skill level 10 in Axes
 19301 | D:10     | Noticed a cyclops
 19633 | Lair:1   | Reached skill level 5 in Shields
 19813 | Lair:2   | Reached skill level 5 in Throwing
 19954 | Lair:2   | Reached skill level 7 in Dodging
 20433 | Lair:1   | HP: 5/80 [wolf (12)]
 20717 | Lair:2   | Reached XP level 12. HP: 85/87 MP: 16/16
 20790 | Lair:2   | Found a glowing golden altar of the Shining One.
 21619 | Lair:2   | Identified the +8 short sword "Ytugosun" {flame, Stlth+}
 21821 | Lair:2   | Reached skill level 6 in Shields
 21856 | Lair:2   | Reached skill level 10 in Fighting
 21871 | Lair:2   | Reached skill level 6 in Throwing
 22316 | Lair:3   | Noticed a death yak
 22316 | Lair:3   | Noticed a death yak
 22316 | Lair:3   | Noticed a death yak
 22316 | Lair:3   | Noticed a death yak
 22316 | Lair:3   | Noticed a death yak
 22316 | Lair:3   | Noticed a death yak
 22330 | Lair:3   | Noticed a seven-headed hydra
 22830 | Lair:2   | Reached skill level 8 in Dodging
 23418 | Lair:3   | Reached skill level 6 in Hexes
 23475 | Lair:3   | Killed a seven-headed hydra
 23476 | Lair:3   | Reached skill level 2 in Invocations
 23737 | Lair:3   | Killed a death yak
 23738 | Lair:3   | Reached skill level 11 in Axes
 23782 | Lair:3   | Killed a death yak
 23952 | Lair:3   | Reached skill level 3 in Invocations
 23972 | Lair:3   | Killed a death yak
 24005 | Lair:3   | Killed a death yak
 24006 | Lair:3   | Reached XP level 13. HP: 77/93 MP: 17/17
 24048 | Lair:3   | Reached ****** piety under Fedhas
 24643 | Lair:4   | Noticed Sonja
 24651 | Lair:4   | Killed Sonja
 24652 | Lair:4   | Reached skill level 4 in Invocations
 24676 | Lair:4   | Noticed Snorg
 24754 | Lair:4   | Reached skill level 7 in Hexes
 25581 | Lair:3   | Reached skill level 9 in Dodging
 25772 | Lair:4   | Reached skill level 11 in Fighting
 26634 | Lair:4   | Killed Snorg
 26804 | Lair:4   | Reached skill level 5 in Invocations
 26868 | Lair:4   | Found a staircase to the Snake Pit.
 27836 | Lair:5   | Reached skill level 4 in Spellcasting
 28860 | Lair:5   | Reached skill level 6 in Invocations
 29515 | Lair:6   | Entered Level 6 of the Lair of Beasts
 29551 | Lair:5   | Reached skill level 12 in Axes
 30063 | Lair:5   | Reached skill level 3 in Evocations
 30063 | Lair:5   | Reached XP level 14. HP: 52/101 MP: 15/21
 31019 | Lair:5   | Reached skill level 10 in Dodging
 31021 | Lair:5   | Reached skill level 5 in Spellcasting
 32171 | Lair:5   | Reached skill level 4 in Evocations
 34138 | Lair:6   | Reached skill level 12 in Fighting
 34333 | Lair:6   | Found a staircase to the Slime Pits.
 34428 | Lair:6   | Identified the +3 leather armour "Axkoqenn" {Rampage rElec
                  | rPois Dex-4}
 34436 | Lair:6   | Learned a level 4 spell: Fulminant Prism
 34762 | Lair:6   | Reached skill level 5 in Evocations
 34790 | Lair:6   | Reached skill level 1 in Conjurations
 35472 | Lair:6   | You are cast into the Abyss!
 35472 | Lair:6   | Cast into level 3 of the Abyss (a wizard)
 35583 | Abyss:3  | Noticed a bone dragon
 35602 | Abyss:3  | Noticed a profane servitor
 35725 | Abyss:3  | Noticed a tentacled starspawn
 35749 | Abyss:3  | Noticed a lich
 35803 | Abyss:3  | Reached skill level 5 in Stealth
 36115 | Abyss:3  | Reached skill level 2 in Conjurations
 36122 | Abyss:3  | HP: 3/103 [raiju/living lightning (19)]
 36132 | Abyss:3  | HP: 8/103 [raiju/living lightning (10)]
 36153 | Lair:6   | You pass through the gate.
 36153 | Lair:6   | Escaped the Abyss
 36210 | Lair:6   | Learned a level 4 spell: Hailstorm
 36633 | D:9      | Bought a +6 ring of dexterity for 643 gold pieces
 36794 | D:11     | Reached skill level 6 in Stealth
 37008 | D:11     | Reached skill level 3 in Conjurations
 37008 | D:11     | Reached skill level 8 in Hexes
 37481 | D:11     | Reached skill level 7 in Stealth
 37481 | D:11     | Reached XP level 15. HP: 71/108 MP: 23/23
 38249 | D:11     | Reached skill level 4 in Conjurations
 38402 | D:11     | HP: 3/108 [manticore (11)]
 38405 | D:11     | Slain by a manticore

Vanquished Creatures
  Snorg (Lair:4)
  5 hydras
  A rakshasa (D:11)
  A centaur warrior (D:11)
  2 two-headed ogres (D:11)
  2 boulder beetles (D:11)
  6 death yaks (Lair:3)
  A thrashing horror (Abyss:3)
  Sonja (Lair:4)
  A glowing orange brain (Abyss:3)
  A wizard (Lair:6)
  A deep elf pyromancer (D:11)
  An ugly thing (D:11)
  2 manticores (D:11)
  A cyclops (D:10)
  A guardian serpent (Lair:4)
  A smoke demon (Abyss:3)
  2 black mambas
  27 elephants
  4 rime drakes
  16 cane toads
  A kobold demonologist (D:10)
  An unseen horror (D:11)
  2 yaktaurs (D:11)
  20 komodo dragons
  2 polar bears
  2 trolls
  11 blink frogs
  11 dream sheep
  A meliai zombie (D:10)
  3 raiju (Abyss:3)
  Sigmund (D:3)
  42 yaks
  3 shadows
  A wraith (D:11)
  2 wyverns
  3 basilisks
  2 steam dragons
  An acid dragon (D:11)
  13 water moccasins
  A hell hound (Lair:6)
  An ice beast (D:7)
  An ogre (D:6)
  4 orc warriors
  4 black bears
  2 necrophages (D:6)
  2 centaurs
  35 wolves
  18 kobold brigands
  25 bullfrogs
  A wyvern zombie (D:6)
  A gnoll sergeant (D:11)
  3 scorpions
  A water moccasin skeleton (D:6)
  8 killer bees
  8 wights (D:8)
  2 electric eels (Lair:3)
  5 howler monkeys
  4 centaur zombies
  2 gnoll shamans
  2 centaur skeletons (D:7)
  5 orc priests
  2 iguanas
  8 orc wizards
  5 hell rats (Lair:1)
  A killer bee zombie (D:8)
  A hound zombie (D:5)
  A howler monkey zombie (D:10)
  9 gnolls
  A howler monkey skeleton (D:4)
  4 adders
  7 river rats (Lair:1)
  2 white imps
  An ufetubus (D:5)
  A dart slug (D:1)
  36 orcs
  7 ball pythons
  2 bats
  5 endoplasms
  4 giant cockroaches
  3 goblins
  5 hobgoblins
  10 jackals
  21 kobolds
  5 quokkas
  3 frilled lizards
  2 jackal skeletons
  14 rats
495 creatures vanquished.

Vanquished Creatures (collateral kills)
  A cane toad (Lair:6)
  A rime drake (Lair:6)
  2 fire bats (Abyss:3)
  4 water moccasins
  An orc warrior (D:5)
  A bullfrog (Lair:2)
  A killer bee (D:8)
  2 orc wizards
  8 ballistomycete spores
21 creatures vanquished.

Vanquished Creatures (others)
  4 oklob plants (Lair:6)
  A komodo dragon (Lair:6)
  A water moccasin (Lair:6)
  An electric eel (D:8)
  A kobold brigand (D:10)
  A quasit (Abyss:3)
  5 foxfires (Abyss:3)
  7 fulminant prisms
  129 fungi
  145 plants
  10 starspawn tentacles (Abyss:3)
305 creatures vanquished.

Grand Total: 821 creatures vanquished

Table legend: (Time is in decaauts)
 A = Elapsed time spent in this place.
 B = Non-inter-level travel time spent in this place.
 C = Inter-level travel time spent in this place.
 D = Time resting spent in this place.
 E = Time spent auto-exploring this place.
 F = Levels seen in this place.
 G = Mean time per level.
                   A        B        C        D        E       F      G
               +--------+--------+--------+--------+--------+-----+--------+
         Total |  38565 |  36128 |   2437 |  17287 |   5706 |  19 | 2029.7 |
       Dungeon |  20225 |  18765 |   1460 |   9206 |   2465 |  11 | 1838.6 |
        Temple |    196 |    113 |     83 |      0 |    111 |   1 |  196.0 |
          Lair |  17462 |  16568 |    894 |   7796 |   3130 |   6 | 2910.3 |
         Abyss |    681 |    681 |      0 |    285 |      0 |   1 |  681.0 |
               +--------+--------+--------+--------+--------+-----+--------+

Top non-repeatable levels by time:
  Lair:5: 5103 daAuts
     D:9: 3855 daAuts
     D:6: 2748 daAuts
  Lair:4: 2734 daAuts
  Lair:3: 2625 daAuts
  Lair:6: 2446 daAuts
    D:10: 2424 daAuts
  Lair:1: 2284 daAuts
  Lair:2: 2268 daAuts
     D:8: 2217 daAuts
    D:11: 1820 daAuts
     D:5: 1755 daAuts
     D:7: 1280 daAuts
     D:4: 1270 daAuts
     D:1: 1166 daAuts

Table legend:
 A = Non-vault XP
 B = Vault XP
 C = Vault XP percentage of total XP
 D = Non-vault monster count
 E = Vault monster count
 F = Vault count percentage of total count
                 A         B        C        D         E       F
            +---------+---------+-------+---------+---------+-------
      Total |   65977 |   24359 |  27.0 |     390 |     120 |  23.5
            +---------+---------+-------+---------+---------+-------
        D:1 |      25 |       0 |   0.0 |      15 |       0 |   0.0
        D:2 |      21 |       0 |   0.0 |      13 |       0 |   0.0
        D:3 |      71 |     224 |  75.9 |      22 |       2 |   8.3
        D:4 |     132 |       0 |   0.0 |      21 |       0 |   0.0
        D:5 |     326 |     139 |  29.9 |       9 |       7 |  43.8
        D:6 |     925 |       0 |   0.0 |      19 |       0 |   0.0
        D:7 |     624 |       0 |   0.0 |      15 |       0 |   0.0
        D:8 |    1032 |     172 |  14.3 |      23 |       2 |   8.0
        D:9 |    3141 |    1604 |  33.8 |      32 |      13 |  28.9
       D:10 |    2814 |    2008 |  41.6 |      25 |      28 |  52.8
       D:11 |    6388 |    6263 |  49.5 |      17 |      13 |  43.3
     Lair:1 |    3932 |     389 |   9.0 |      22 |      18 |  45.0
     Lair:2 |    4864 |    2664 |  35.4 |      27 |      10 |  27.0
     Lair:3 |   10285 |    1004 |   8.9 |      31 |       1 |   3.1
     Lair:4 |    6228 |    4676 |  42.9 |      24 |      10 |  29.4
     Lair:5 |   12767 |     974 |   7.1 |      41 |       3 |   6.8
     Lair:6 |    9641 |    4049 |  29.6 |      27 |      11 |  28.9
    Abyss:3 |    2761 |     193 |   6.5 |       7 |       2 |  22.2
            +---------+---------+-------+---------+---------+-------
